 Dungeon Crawl Stone Soup version 0.21.1-1-g345015f (webtiles) character file.

79 SedStubbie the Magician (level 4, 0/30 HPs)
             Began as a Mummy Conjurer on Jan 27, 2018.
             Slain by a gnoll
             ... wielding a +0 club
              (5 damage)
             ... on level 2 of the Dungeon on Apr 15, 2018.
             The game lasted 00:09:51 (2893 turns).

SedStubbie the Magician (Mummy Conjurer)            Turns: 2893, Time: 00:09:51

Health: 0/30       AC:  2    Str: 11    XL:     4   Next: 17%
Magic:  6/9        EV: 12    Int: 15    God:
Gold:   63         SH:  0    Dex: 12    Spells: 7/10 levels left

rFire    x . .     SeeInvis .   (no weapon)
rCold    + . .     Gourm    .   (no shield)
rNeg     + + +     Faith    .   a - +0 robe
rPois    ∞         Spirit   .   (no helmet)
rElec    .         Reflect  .   (no cloak)
rCorr    .         Harm     .   (no gloves)
MR       .....                  (no boots)
Stlth    ++........             (no amulet)
HPRegen  0.10/turn              f - ring of wizardry
MPRegen  0.11/turn              j - ring of wizardry

@: no status effects
A: no food or potions, fire vulnerability, cold resistance 1, negative energy
resistance 3, torment resistance, unbreathing
a: no special abilities


You were on level 2 of the Dungeon.
You were not hungry.

You visited 1 branch of the dungeon, and saw 3 of its levels.

You collected 63 gold pieces.

Inventory:

Armour
 a - a +0 robe (worn)
Jewellery
 f - a ring of wizardry (left hand)
 j - a ring of wizardry (right hand)
Scrolls
 c - a scroll of remove curse
Books
 b - a book of Conjurations

   Spells                             Type                      Level
   a - Magic Dart                     Conjuration                  1
   b - Searing Ray                    Conjuration                  2
   c - Dazzling Spray                 Conjuration/Hexes            3
   d - Fulminant Prism                Conjuration/Hexes            4
   e - Force Lance                    Conjuration/Translocation    4
   f - Iskenderun's Mystic Blast      Conjuration                  4


   Skills:
 + Level 2.4 Dodging
 - Level 1.5 Stealth
 + Level 3.8 Spellcasting
 + Level 3.8 Conjurations


You had 7 spell levels left.
You knew the following spells:

 Your Spells              Type           Power        Failure   Level  Hunger
a - Magic Dart            Conj           ##..         1%          1    N/A
b - Searing Ray           Conj           ##....       1%          2    N/A

Dungeon Overview and Level Annotations

Branches:
Dungeon (3/15)

Altars:

Annotations:
D:3 Ijyb


Innate Abilities, Weirdness & Mutations

You do not eat or drink.
Your flesh is vulnerable to fire.
You are immune to poison.
Your flesh is cold resistant. (rC+)
You are immune to negative energy. (rN+++)
You are immune to unholy pain and torment.
You can survive without breathing.


Message History

The gnoll barely misses you. The gnoll misses you.
The gnoll hits you from afar with a spear.
The gnoll completely misses you.
You climb upwards.
There is a stone staircase leading down here.
Casting: Magic Dart
Confirm with . or Enter, or press ? or * to list all spells.
Aiming: Searing Ray
Press: ? - help, Shift-Dir - straight line, f - gnoll
Aim: a gnoll, wielding a club The searing ray hits the gnoll.
The gnoll is moderately wounded. (Press . to maintain the ray.)
The gnoll hits you with a club.
* * * LOW HITPOINT WARNING * * *
The gnoll hits you but does no damage. The gnoll barely misses you.
The searing ray hits the gnoll.
The gnoll is almost dead.
The gnoll closely misses you. The gnoll hits you with a club.
You die...

........# #..#.........#
#######.# ##.#.........#
......#.####..##......##
.....##........#.####.#
.....########..#.# #.#
...............#.#
#.#########
.....#####....g..#
#....††...# .....#
#....#gg# ##########.#
.....# #.<..#g@#
#........#.#
.....#####....####
#..#.###.#.#
.[...#...'....#
#........#.#
##'#.#.###....#
##.......#.# #.#.#.#
############...#.###.#
#.#.#.#
#..................#
#.#.#.#
#.########.###.#####
##.#.#.# #...#
#..#.....#
...#.#.#####.###
#..#######


You could see 4 gnolls.

Vanquished Creatures
  2 adders (D:2)
  2 worms (D:2)
  2 dart slugs
  2 leopard geckos (D:2)
  9 bats
  4 giant cockroaches
  4 goblins
  3 hobgoblins
  9 jackals
  A quokka (D:2)
  2 frilled lizards (D:2)
  3 kobolds (D:1)
  3 rats
46 creatures vanquished.

Vanquished Creatures (others)
  4 toadstools (D:1)
4 creatures vanquished.

Grand Total: 50 creatures vanquished

Notes
Turn   | Place    | Note
-------+----------+-------------------------------------------
     0 | D:1      | SedStubbie the Mummy Conjurer began the quest for the Orb.
     0 | D:1      | Reached XP level 1. HP: 13/13 MP: 4/4
   366 | D:1      | Reached XP level 2. HP: 19/19 MP: 1/6
   415 | D:1      | Learned a level 2 spell: Searing Ray
  1328 | D:1      | Upgraded the game from 0.21.0-26-g889b8f6 to 0.21.1-1-g345015f
  1352 | D:2      | Reached XP level 3. HP: 24/24 MP: 3/7
  2315 | D:2      | Reached XP level 4. HP: 16/30 MP: 0/9
  2888 | D:3      | Noticed Ijyb
  2893 | D:2      | Slain by a gnoll

Skill      XL: |  1  2 |
---------------+-------+-----
Spellcasting   | 3 |  3.8
Dodging        | 2 |  2.4
Stealth        | |  1.5
Conjurations   | |  3.8

Action                   |  1- 3 |  4- 6 || total
-------------------------+-------+-------++-------
Melee: Unarmed           |    73 |       ||    73
 Cast: Magic Dart        |    98 |    14 ||   112
       Searing Ray       |     3 |     2 ||     5
  Use: Scroll            |     7 |       ||     7
Armor: Robe              |    24 |     2 ||    26
Dodge: Dodged            |    71 |     6 ||    77
